 Dungeon Crawl Stone Soup version 0.17-a0-2211-gbb7320e (webtiles) character file.

310 Ordine the Magician (level 6, -4/33 HPs)
             Began as a Deep Elf Wizard on Oct 27, 2015.
             Slain by a slave (10 damage)
             ... led by Pikel
             ... on level 4 of the Dungeon.
             The game lasted 00:13:01 (3564 turns).

Ordine the Magician (Deep Elf Wizard)               Turns: 3564, Time: 00:13:01

Health: -4/33      AC:  6    Str:  4    XL:     6   Next: 18%
Magic:  7/17       EV: 13    Int: 25    God:
Gold:   17         SH:  0    Dex: 13    Spells: 5 memorised, 6 levels left

rFire  + . .     SeeInvis +     f - +0 dagger
rCold  + . .     Clarity  .     q - +2 robe {rF+}
rNeg   . . .     SustAt   .     (no shield)
rPois  .         Gourm    .     b - +0 hat
rElec  .         Spirit   .     (no cloak)
rCorr  .         Warding  .     h - +0 pair of gloves
rMut   .         Stasis   .     a - +0 pair of boots (curse)
MR     .....                    (no amulet)
Stlth  ++........               p - ring of protection from cold
                                k - ring of see invisible

@: repel missiles, not resistant to hostile enchantments, unstealthy
A: no striking features
a: no special abilities


You were on level 4 of the Dungeon.
You were not hungry.

You visited 1 branch of the dungeon, and saw 4 of its levels.

You collected 141 gold pieces.
You spent 124 gold pieces at shops.

Inventory:

Hand Weapons
 f - a +0 dagger (weapon)
Armour
 a - a cursed +0 pair of boots (worn)
 b - a +0 hat (worn)
 h - a +0 pair of gloves (worn)
 q - a +2 robe of fire resistance (worn)
Jewellery
 k - a ring of see invisible (left hand)
 o - a +6 ring of strength
 p - a ring of protection from cold (right hand)
Scrolls
 j - 3 scrolls of immolation
 m - 2 scrolls of remove curse
 n - a scroll of amnesia
 r - a scroll of teleportation
 u - a scroll of identify
Potions
 e - 4 potions of curing
 g - a potion of heal wounds
 i - a potion of magic {unknown}
 l - a potion of resistance
Books
 c - a book of Minor Magic

   Spells                             Type                      Level
   a - Magic Dart                     Conjuration                  1
   b - Blink                          Translocation                2
   c - Call Imp                       Summoning                    2
   d - Repel Missiles                 Charms/Air                   2
   e - Slow                           Hexes                        2
   f - Conjure Flame                  Conjuration/Fire             3
   g - Mephitic Cloud                 Conjuration/Poison/Air       3
Comestibles
 d - 3 bread rations
 s - a meat ration


   Skills:
 + Level 0.4 Fighting
 + Level 0.8 Short Blades
 + Level 2.8 Dodging
 - Level 2.4 Stealth
 * Level 6.4 Spellcasting
 + Level 4.7 Conjurations
   Level 1.1 Summonings
 + Level 1.3 Translocations
 + Level 0.9 Fire Magic
 + Level 1.0 Air Magic


You had 6 spell levels left.
You knew the following spells:

 Your Spells              Type           Power        Failure   Level  Hunger
a - Magic Dart            Conj           ####         1%          1    None
b - Blink                 Tloc           N/A          10%         2    None
c - Conjure Flame         Conj/Fire      ###.....     10%         3    None
d - Mephitic Cloud        Conj/Pois/Air  ###.....     12%         3    None
e - Repel Missiles        Chrm/Air       ##....       10%         2    None


Dungeon Overview and Level Annotations

Branches:
Dungeon (4/15)
 Temple: D:4-7

Altars:
Makhleb
Xom
Zin

Shops:
D:4 [

Annotations:
D:4 Pikel


Message History

The slave is almost dead.
The slave hits you!
Casting: Magic Dart
Confirm with . or Enter, or press ? or * to list all spells.
Aiming: Magic Dart
Press: ? - help, Shift-Dir - straight line, f/p - slave
Aim: a slave, wearing an animal skin (almost dead)
The magic dart hits the slave.
The slave is almost dead.
The slave hits you.
* * * LOW HITPOINT WARNING * * *
Casting: Magic Dart
Confirm with . or Enter, or press ? or * to list all spells.
Aiming: Magic Dart
Press: ? - help, Shift-Dir - straight line, f/p - slave
Aim: a slave, wearing an animal skin (almost dead)
The magic dart hits the slave.
The slave is almost dead.
The slave hits you!
You die...

###.....###.#######
#.....# #.# #.....#
#.#
#.....###.####.#
#..............# ##
#..().###p####.# ..
#.....# #.#
#.#.....###.#
#..@pK..<...#
##.###...##.# #.
###.##.# #. #.##.#
#. #.##.# ## #.....
##.... .. ..... ..#
.p..


You could see Pikel and a slave.

Vanquished Creatures
  3 slaves
  4 crimson imps (D:3)
  A hound (D:3)
  6 adders
  A gnoll (D:1)
  2 giant geckos
  8 bats
  3 giant cockroaches
  8 hobgoblins
  14 jackals
  2 quokkas
  4 ball pythons
  6 giant newts
  9 goblins
  10 kobolds
  4 rats
85 creatures vanquished.

Notes
Turn   | Place    | Note
--------------------------------------------------------------
     0 | D:1      | Ordine the Deep Elf Wizard began the quest for the Orb.
     0 | D:1      | Reached XP level 1. HP: 10/10 MP: 7/7
   174 | D:1      | Reached XP level 2. HP: 15/15 MP: 0/9
   256 | D:1      | Learned a level 2 spell: Blink
   259 | D:1      | Learned a level 2 spell: Repel Missiles
   340 | D:1      | Reached skill level 5 in Spellcasting
   610 | D:1      | Reached XP level 3. HP: 17/19 MP: 2/11
  1199 | D:2      | Learned a level 3 spell: Conjure Flame
  1203 | D:2      | Learned a level 3 spell: Mephitic Cloud
  1305 | D:2      | Found a burning altar of Makhleb.
  1305 | D:2      | Found a glowing silver altar of Zin.
  1306 | D:2      | Noticed an angel
  1306 | D:2      | Noticed a balrug
  1443 | D:2      | Reached XP level 4. HP: 24/24 MP: 10/13
  2006 | D:3      | Found a shimmering altar of Xom.
  2027 | D:3      | Reached skill level 6 in Spellcasting
  2027 | D:3      | Reached XP level 5. HP: 16/28 MP: 3/15
  2502 | D:3      | Reached XP level 6. HP: 33/33 MP: 14/17
  2723 | D:3      | Reached skill level 1 in Air Magic
  2797 | D:4      | Found Qaaplew's Antique Armour Shoppe.
  2922 | D:4      | Bought an embroidered robe for 16 gold pieces
  2990 | D:4      | Bought a pair of embroidered boots for 108 gold pieces
  3032 | D:4      | Noticed Pikel
  3564 | D:4      | Slain by a slave

Vault maps used:
D:1:      lemuel_arrival_funnel
D:2:      grunt_temple_overflow_order_and_chaos_2
D:3:      minmay_door_path, led_xom_imps
D:4:      minmay_temple_entry_overgrown, serial_shops,
          nicolae_shop_overgrown_old_shop, uniq_pikel

Action                   |  1- 3 |  4- 6 || total
-------------------------+-------+-------++-------
Melee: Dagger            |     9 |     3 ||    12
 Cast: Magic Dart        |    93 |   144 ||   237
       Repel Missiles    |     1 |       ||     1
       Conjure Flame     |       |     4 ||     4
       Blink             |       |     2 ||     2
       Mephitic Cloud    |       |     1 ||     1
  Use: Scroll            |     6 |     3 ||     9
       Potion            |       |     1 ||     1
  Eat: Chunk             |     1 |     7 ||     8
